woodfighter, chaotic female elven Rogue -------- |......-### ----- ----- |......| |...| |..{| ------------ |......| |...| |.#`-# |.@[!)?**?*| ---------- |......-#``####|...| -|---# #+.m%)%!*?]*| |........| |......| #....| # # #|@%*!*%/=*%| |........| |.......#######|...| # # #|.%)*/**[!)| |........| ------|- |...| # # #------------ -----.--+- ## --.-- # # # ############ # ##### # # # ################ # # # # ---------.---|--# ### # # # |..............|#######` ############## # |.........>....| ------.-+---###### # |..............| |..<.......|# --|--# ---------------- |..........|###|.(..# ...........| #+...| ------------ ----- woodfighter the Footpad Experience level: 1 Strength: 12 Dexterity: 19 Constitution: 15 Intelligence: 10 Wisdom: 10 Charisma: 10 Health: 0(11) Energy: 3(3) Def: 3 Gold: 0 Moves: 601 Dungeon seed: QOT0bjOOGQ1XdkRa Game ID: woodfighter_1511357373 Your Inventory: Weapons a - a +0 elven short sword (weapon in hand) b - 14 +0 elven daggers (in quiver) Armor e - an uncursed +1 leather armor (being worn) q - a blessed +4 pair of leather gloves Comestibles i - an uncursed tripe ration m - an uncursed lichen corpse Wands h - a wand of opening (0:3) Tools g - an uncursed blindfold s - an uncursed sack y - an uncursed lock pick Contents of the sack: 322 gold pieces a [uncursed] scroll of identify 2 [uncursed] scrolls of scare monster a [uncursed] spellbook of light a [blessed] potion of hallucination a [uncursed] potion of object detection a [uncursed] potion of paralysis an uncursed potion of sickness Spells and supernatural/magical abilities: Name Level Category Fail Memory W - pray for help -- divine ? -- Your skills at the end: Miscellaneous Skills wands [Basic] Weapon Skills dagger [Basic] short sword [Basic] Spellcasting Skills Final Attributes: You were piously aligned. You had infravision. You were very stealthy. You are dead. Vanquished creatures: 2 newts 2 sewer rats 4 grid bugs 3 lichens 11 creatures vanquished. Voluntary challenges: You did not adorn yourself with jewelry or accessories. You did not cause conflict. You were not invisible. You did not have reflection. You were not displaced. You were an atheist. You used a wielded weapon 17 times, starting on turn 126. You did not apply a unicorn horn. You did not use plumbed fixtures. You did not drink any magical draughts. You were illiterate. You never genocided any monsters. You never polymorphed an object. You never changed form. You used no wishes. You never split a pudding. You never wrote Elbereth's name. You never violated your personal moral code. Dungeon overview: The Dungeons of Doom: levels 1 to 3 Level 1 a sink a long staircase Level 2 <- You were here a general store, a fountain, a sink Level 3 a fountain History has recorded: On T:1 you entered the Dungeons of Doom to retrieve the Amulet of Yendor! On T:153 you reached level 2 of The Dungeons of Doom. On T:400 you reached level 3 of The Dungeons of Doom. Score breakdown: Gold: 322 ( 32 points) Experience: 1 level ( 0 points) Exploration: 3 levels ( 60 points) Discoveries: 7 items ( 350 points) Variety of kills: 4 monsters ( 200 points) Major goal: (nothing yet) ( 0 points) Survival: died (score multiplied by 3) Total score: 1926 Latest messages: o - a scroll labeled PATENT PENDING. p - an orange potion. You put 195 gold pieces into the sack. You put a scroll labeled PATENT PENDING into the sack. You put an orange potion into the sack. You stop exploring. You stab the lichen. You kill the lichen! "Hello, woodfighter! Welcome to Possogroenoe's general store!" The door closes. You see here a crossbow (53 zorkmids). Wait! That's a small mimic! The small mimic claws you! You stab the small mimic. You stab the small mimic! You feel tough! You must be leading a healthy life-style. You stab the small mimic. You stab the small mimic! The small mimic claws you! You die... Possogroenoe gratefully inherits all your possessions. Final status: Goodbye woodfighter the Rogue, killed by a small mimic... You died in The Dungeons of Doom on dungeon level 2 with 1926 points, and 322 pieces of gold, after 601 moves. You were level 1 with a maximum of 11 hit points when you died.